 Dungeon Crawl Stone Soup version 0.29-a0-962-gc8bbfd0a37 (webtiles) character file.

Game seed: 3427798265944620569

67 spiderkeys the Trooper (level 4, -3/33 HPs)
             Began as an Octopode Chaos Knight on July 31, 2022.
             Was a Plaything of Xom.
             Slain by an ufetubus (4 damage)
             ... summoned by Xom
             ... on level 3 of the Dungeon.
             The game lasted 00:02:48 (1597 turns).

spiderkeys the Trooper (Octopode Chaos Knight)      Turns: 1597, Time: 00:02:49

Health: -3/33      AC:  1    Str: 11      XL:     4   Next: 18%
Magic:  0/4        EV: 13    Int: 14      God:    Xom [....*.]
Gold:   159        SH:  0    Dex:  8 (13) Spells: 3/3 levels left

rFire   . . .      SeeInvis .   a - +0 spear (chaos)
rCold   . . .      Faith    .   (no shield)
rNeg    . . .      Spirit   +   (helmet restricted)
rPois   .          Reflect  .   G - amulet of guardian spirit
rElec   .          Harm     .   (no ring)
rCorr   .          Rampage  .   (no ring)
Will    .....                   (no ring)
Stlth   ++........              (no ring)
HPRegen 0.11/turn               (no ring)
MPRegen 0.09/turn               (no ring)
                                (no ring)
                                (no ring)

@: no status effects
A: almost no armour, amphibious, 8 rings, camouflage 1, gelatinous body 1,
(nimble swimmer 1), tentacles
a: Renounce Religion


You were on level 3 of the Dungeon.
You worshipped Xom.
You were a beloved toy of Xom.
You visited 1 branch of the dungeon, and saw 4 of its levels.

You collected 159 gold pieces.


Innate Abilities, Weirdness & Mutations

You cannot wear most types of armour.
You are amphibious.
You can wear up to eight rings at the same time.
Your skin changes colour to match your surroundings (Stealth+).
Your rubbery body absorbs attacks. (AC +1, EV +1)
((You are camouflaged when in or above water. (Stealth+)))
You have tentacles for arms and can constrict up to eight enemies at once.


   Skills:
 + Level 3.7 Fighting
 + Level 3.7 Polearms
 + Level 3.2 Dodging


You had 3 spell levels left.
You didn't know any spells.
Your spell library contained the following spells:

 Spells                   Type           Power      Damage    Failure   Level
 Gell's Gravitas          Tloc           0%         N/A       65%         3
 Teleport Other           Tloc           0%         N/A       65%         3
 Dispersal                Tloc           0%         N/A       100%        6

Inventory:

Hand Weapons
 a - a +0 spear of chaos (weapon)
Missiles
 e - a throwing net {=f!f}
 f - 17 stones
Jewellery
 G - an amulet of guardian spirit (around mantle)
   (You found it on level 1 of the Dungeon)
Wands
 m - a wand of roots (5)
   (You found it on level 3 of the Dungeon)
Scrolls
 d - 3 scrolls of teleportation {@r4}
 i - 2 scrolls of fear
 j - a scroll of amnesia
 k - 2 scrolls of enchant armour {unknown}
 l - a scroll of immolation {!r!r}
Potions
 c - 2 potions of curing {unknown}
 g - a potion of degeneration {unknown}
 h - a potion of might {unknown}
Miscellaneous
 b - a piece from Xom's chessboard (15/15) (quivered)

Dungeon Overview and Level Annotations

Branches:
Dungeon (4/15) Zot: 22407
 Temple: D:4-7

Altars:
Trog

Shops:
D:1

: #.# #####.## ∆
#......##
#.......###
#.........
#.......#
#....)5.# ###
#...5@5.#######
#..
######...........#
#.. #...........#
#.. #...........#
#..
#...........###..
#............####
#............#
#............#
#..........†.#


You could see a quasit (summoned) and 2 ufetubi.


Message History

You hit the worm but do no damage.
The worm is poisoned.
You constrict the worm. The worm closely misses you.
You hit the worm. You constrict the worm. The worm bites you! 😕 HP[-8] MP[-2]
You take 8 damage, and now have 25/33 hp.
MASSIVE DAMAGE!! (PAUSE)
You lost 2 mp, and now have 2/4 mp.
You barely miss the worm. You constrict the worm.
You hit the worm but do no damage. You constrict the worm.
The worm barely misses you.
You hit the worm.
The worm looks as sick as possible!
You constrict the worm.
You kill the worm!
You see here a worm corpse.
Key pressed, stopping explore.
A quokka comes into view. 😎 HP[+8] MP[+2]
Your hp is fully restored (33).
Your mp is fully restored (4).
A quokka is nearby!
You reach to attack!
The helpless quokka fails to defend itself.
You puncture the quokka!
You kill the quokka!
No target in view!
No target in view!
You see here a quokka corpse.
f - 17 stones (gained 1) Key pressed, stopping explore.
Key pressed, stopping explore.
Found a stone staircase leading up.
No target in view!
You open the door.
Found a stone staircase leading up.
There is an open door here.
i - 2 scrolls of fear (gained 1)
You now have 159 gold pieces (gained 14).
There is a stone staircase leading up here.
There is an open door here.
You open the door.
Key pressed, stopping explore.
No target in view!
There is an open door here.
A bat comes into view.
A bat is nearby!
A goblin comes into view. It is wielding a +0 club.
You reach to attack!
The helpless bat fails to defend itself.
You hit the bat.
The bat is poisoned.
The bat barely misses you.
You reach to attack!
You hit the bat.
You kill the bat!
The goblin shouts!
You reach to attack!
You hit the goblin.
The goblin goes berserk!
You closely miss the goblin. Your grab misses the goblin.
The goblin barely misses you.
You hit the goblin. You freeze the goblin. Your grab misses the goblin.
You hear Xom's maniacal laughter.
The goblin hits you with a +0 club. x2 😕 HP[-6] MP[-2]
You take 6 damage, and now have 27/33 hp.
You lost 2 mp, and now have 2/4 mp.
You hit the goblin. You burn the goblin.
You kill the goblin!
The ufetubus closely misses you. The ufetubus hits you. The quasit bites you.
The quasit claws you.
You feel clumsy. The quasit claws you.
You feel clumsy. 😮 HP[-7] MP[-1]
You take 7 damage, and now have 20/33 hp.
MASSIVE DAMAGE!! (PAUSE)
You lost 1 mp, and now have 1/4 mp.
You hit the quasit. Your grab misses the quasit.
Your squeeze misses the quasit. The ufetubus closely misses you.
The ufetubus hits you.
* * * LOW HITPOINT WARNING * * *
The ufetubus completely misses you. The ufetubus closely misses you.
The quasit barely misses you. The quasit claws you.
* * * LOW HITPOINT WARNING * * *
You feel clumsy. The quasit claws you.
* * * LOW HITPOINT WARNING * * *
You feel clumsy. 😨 HP[-7]
You take 7 damage, and now have 13/33 hp.
MASSIVE DAMAGE!! (PAUSE)
You closely miss the quasit. Your grab misses the quasit.
The ufetubus hits you.
* * * LOW HITPOINT WARNING * * *
The ufetubus hits you.
* * * LOW HITPOINT WARNING * * *
The ufetubus misses you. The ufetubus hits you.
* * * LOW HITPOINT WARNING * * *
The quasit barely misses you. The quasit claws you.
* * * LOW HITPOINT WARNING * * *
You feel clumsy. The quasit misses you. The ufetubus barely misses you. x2
The ufetubus hits you.
* * * LOW HITPOINT WARNING * * *
The ufetubus hits you.
You die...

Skill      XL: |  1  2  3 |
---------------+----------+-----
Dodging        | 3 |  3.2
Fighting       | |  3.7
Polearms       | |  3.7

Action                   |  1- 3 |  4- 6 || total
-------------------------+-------+-------++-------
Melee: Spear             |    54 |    20 ||    74
       Tentacles         |     8 |     1 ||     9
       Constrict         |     8 |     2 ||    10
  Use: Scroll            |       |     4 ||     4
 Stab: Sleeping          |     7 |     2 ||     9
Armor: Skin              |     3 |     1 ||     4
Dodge: Dodged            |    12 |    16 ||    28

Levels and vault maps discovered:
D:1:      arrival_aquarium_a, layout_loops_ring, serial_shops,
          nicolae_shop_trees
D:2:      layout_rooms, basic_altar
D:3:      layout_basic, nrook_loot_triangle
D:4:      layout_cave_pools, mainiacjoe_overflow_small_starburst

Notes
Turn   | Place    | Note
-------+----------+-------------------------------------------
     0 | D:1      | spiderkeys the Octopode Chaos Knight began the quest for
                  | the Orb.
     0 | D:1      | Reached XP level 1. HP: 16/16 MP: 1/1
     0 | D:1      | magus.rc [v1.11.3]
     4 | D:1      | XOM: silly message
    13 | D:1      | Noticed an electric eel
    69 | D:1      | Reached XP level 2. HP: 21/21 MP: 2/2
   109 | D:1      | XOM: divination: detect creatures
   185 | D:1      | XOM: silly message
   414 | D:1      | Found Peepeg's Book Shoppe.
   760 | D:2      | Found a bloodstained altar of Trog.
   826 | D:2      | You fall into a shaft and drop 2 floors!
   890 | D:3      | Reached XP level 3. HP: 23/26 MP: 3/3
  1009 | D:3      | You add the spells Gell's Gravitas, Teleport Other and
                  | Dispersal to your library.
  1025 | D:3      | Reached skill level 3 in Dodging
  1030 | D:3      | HP: 4/26 [orc/+0 short sword (3)]
  1032 | D:3      | Reached XP level 4. HP: 5/33 MP: 1/4
  1234 | D:3      | XOM: divination: detect items
  1594 | D:3      | XOM: summons 3 hostile demons
  1597 | D:3      | HP: 4/33 [ufetubus[Xom] (5)]
  1597 | D:3      | HP: 1/33 [ufetubus[Xom] (1)]
  1597 | D:3      | Slain by an ufetubus

Vanquished Creatures
  An orc wizard (D:3)
  A worm (D:3)
  2 dart slugs
  3 orcs (D:3)
  5 ball pythons
  A bat (D:3)
  2 endoplasms (D:3)
  2 giant cockroaches
  A goblin (D:3)
  3 hobgoblins
  2 quokkas
  2 frilled lizards (D:1)
  4 kobolds (D:1)
  A rat (D:3)
30 creatures vanquished.

Table legend:
 A = Non-vault XP
 B = Vault XP
 C = Vault XP percentage of total XP
 D = Non-vault monster count
 E = Vault monster count
 F = Vault count percentage of total count
                 A         B        C        D         E       F
            +---------+---------+-------+---------+---------+-------
      Total |      97 |       0 |   0.0 |      30 |       0 |   0.0
            +---------+---------+-------+---------+---------+-------
        D:1 |      24 |       0 |   0.0 |      14 |       0 |   0.0
        D:2 |       4 |       0 |   0.0 |       2 |       0 |   0.0
        D:3 |      69 |       0 |   0.0 |      14 |       0 |   0.0
            +---------+---------+-------+---------+---------+-------

Illustrated notes

Table legend:
 A = Kills in this place as a percentage of kills in entire the game.
 B = Kills by you in this place as a percentage of kills by you in the entire game.
 C = Kills by friends in this place as a percentage of kills by friends in the entire game.
 D = Other kills in this place as a percentage of other kills in the entire game.
 E = Experience gained in this place as a percentage of experience gained in the entire game.
 F = Experience gained in this place divided by the number of levels of this place that you have seen.
                   A       B       C       D       E      F
               +-------+-------+-------+-------+-------+----------------------
         Total | 100.0 | 100.0 |   N/A |   N/A | 100.0 |  24.2
       Dungeon | 100.0 | 100.0 |   N/A |   N/A | 100.0 |  24.2
               +-------+-------+-------+-------+-------+----------------------

Table legend: (Time is in decaauts)
 A = Elapsed time spent in this place.
 B = Non-inter-level travel time spent in this place.
 C = Inter-level travel time spent in this place.
 D = Time resting spent in this place.
 E = Time spent auto-exploring this place.
 F = Levels seen in this place.
 G = Mean time per level.
                   A        B        C        D        E       F      G
               +--------+--------+--------+--------+--------+-----+--------+
         Total |   1591 |   1578 |     13 |      0 |   1316 |   4 |  397.8 |
       Dungeon |   1591 |   1578 |     13 |      0 |   1316 |   4 |  397.8 |
               +--------+--------+--------+--------+--------+-----+--------+

Top non-repeatable levels by time:
     D:3: 750 daAuts
     D:1: 683 daAuts
     D:2: 140 daAuts
     D:4: 17 daAuts
